 Dungeon Crawl Stone Soup version 0.17-a0-1945-gfe993df (webtiles) character file.

28 Gruud the Insei (level 3, 0/26 HPs)
             Began as a Demonspawn Transmuter on Sept 30, 2015.
             Slain by a goblin
             ... wielding a +1 spear of venom
              (4 damage)
             ... on level 1 of the Dungeon.
             The game lasted 00:02:13 (575 turns).

Gruud the Insei (Demonspawn Transmuter)              Turns: 575, Time: 00:02:13

Health: 0/26       AC:  4    Str: 10    XL:     3   Next: 0%
Magic:  6/6        EV: 12    Int: 14    God:
Gold:   26         SH:  2    Dex: 14    Spells: 2 memorised, 3 levels left

rFire  . . .     SeeInvis .       - Unarmed
rCold  . . .     Clarity  .     b - +0 robe
rNeg   . . .     SustAt   .     (no shield)
rPois  .         Gourm    .     (no helmet)
rElec  .         Spirit   .     (no cloak)
rCorr  .         Warding  .     (no gloves)
rMut   .         Stasis   .     (no boots)
MR     .....                    (no amulet)
Stlth  +.........               (no ring)
                                (no ring)

@: lethally poisoned (0 -> -28), not resistant to hostile enchantments, very
unstealthy
A: large bone plates 1
a: no special abilities


You were on level 1 of the Dungeon.
You were not hungry.

You visited 1 branch of the dungeon, and saw 1 of its levels.

You collected 26 gold pieces.

Inventory:

Missiles
 a - 12 arrows
Armour
 b - a +0 robe (worn)
Scrolls
 e - a scroll of enchant armour {unknown}
 h - a scroll of enchant weapon {unknown}
 i - 2 scrolls of remove curse {unknown}
Potions
 j - a potion of curing {unknown}
Books
 c - a book of Changes

   Spells                             Type                      Level
   a - Beastly Appendage              Transmutation                1
   b - Sticks to Snakes               Transmutation                2
   c - Spider Form                    Transmutation/Poison         3
   d - Ice Form                       Ice/Transmutation            4
   e - Blade Hands                    Transmutation                5
Comestibles
 d - a bread ration
 f - a royal jelly
 g - a chunk of flesh


   Skills:
 - Level 1.0 Fighting
 + Level 2.1 Dodging
 * Level 3.2 Unarmed Combat
 - Level 2.0 Spellcasting
 + Level 2.3 Transmutations


You had 3 spell levels left.
You knew the following spells:

 Your Spells              Type           Power        Failure   Level  Hunger
a - Beastly Appendage     Trmt           #.....       12%         1    ##.....
b - Sticks to Snakes      Trmt           #.........   17%         2    ###....


Dungeon Overview and Level Annotations

Branches:
Dungeon (1/15)

Altars:


Innate Abilities, Weirdness & Mutations

You are partially covered in large bone plates (AC +2, SH +2).


Message History

The hobgoblin hits you but does no damage.
You hit the hobgoblin.
The hobgoblin is severely wounded.
You feel sick. The bat misses you. Something hits you but does no damage.
You are more poisoned.
You hit the hobgoblin.
You kill the hobgoblin!
You have reached level 3!
Your experience leads to an increase in your attributes!
Increase (S)trength, (I)ntelligence, or (D)exterity?
You feel agile.
* * * LOW HITPOINT WARNING * * *
You feel sick. The bat misses you. The bat barely misses you.
Something hits you but does no damage.
You are more poisoned.
* * * LOW HITPOINT WARNING * * *
You feel sick. The bat hits you.
* * * LOW HITPOINT WARNING * * *
Something hits you.
You die...

# ###. .......# ########....#
....... #........≈...# ...)..
..≈≈≈......#..##....
≈≈.≈≈≈≈≈≈.###..#.....
≈≈≈.≈≈≈≈≈...##.... .#
≈≈≈..≈≈≈≈≈≈##...># .#
≈≈.<.≈≈≈≈≈.. #b# .###
≈≈.≈.≈≈≈≈≈.. #@# ...
≈≈≈.≈≈≈≈≈.≈≈ #.##.##.. #.
≈≈≈≈.≈≈..≈≈≈ #g....#.##.....
≈≈≈≈....≈≈≈≈ ###.....#.......
.........≈.. ##...##g.........
###.###.≈≈.####....##..........
#.. #.####.......#.#........ ##
### #.........#........
#########.###........{#........


You could see a goblin and a bat.

Vanquished Creatures
  A gnoll (D:1)
  An ooze (D:1)
  A giant gecko (D:1)
  3 goblins (D:1)
  2 hobgoblins (D:1)
  A kobold (D:1)
  3 bats (D:1)
  3 rats (D:1)
15 creatures vanquished.

Notes
Turn   | Place    | Note
--------------------------------------------------------------
     0 | D:1      | Gruud the Demonspawn Transmuter began the quest for the Orb.
     0 | D:1      | Reached XP level 1. HP: 15/15 MP: 3/3
   285 | D:1      | Reached skill level 3 in Unarmed Combat
   285 | D:1      | Gained mutation: You are partially covered in large bone plates (AC +2, SH +2). [demonic ancestry]
   285 | D:1      | Reached XP level 2. HP: 8/21 MP: 3/5
   543 | D:1      | Learned a level 2 spell: Sticks to Snakes
   574 | D:1      | Reached XP level 3. HP: 9/26 MP: 6/6
   575 | D:1      | Slain by a goblin

Vault maps used:
D:1:      dpeg_arrival_subterranean_lakeside_camping, minivault_19

Action                   || total
-------------------------++-------
Melee: Unarmed           ||    53
 Cast: Beastly Appendage ||     4
